Map: Orbital Shipyard

Players

LilDicky - Winner!

  • Race: Terran Terran
  • League: Diamond

Haggard

  • Race: Zerg Zerg
  • League: Diamond

VOD

http://www.twitch.tv/tumescentpie

Description

Time

  • Played on: Dec. 5, 2015, 6:36 p.m.
  • Length: 10:33
Show
View Real Time Build Order
Export as new Build Order

LilDicky Terran - Winner!

Build Orders: MMM Bio 

Get SALT Encoding   

  12  0:01  SCV  
  13  0:14  SCV  
  14  0:19  Supply Depot  
  14  0:30  SCV  
  15  0:44  Barracks  
  15  0:47  SCV  
  16  0:59  SCV  
  17  1:10  Refinery  
  17  1:11  SCV  
  18  1:23  SCV  
  19  1:36  Marine  
  19  1:38  Orbital Command  
  20  1:41  Command Center  
  20  2:02  Marine  
  20  2:07  SCV  
  22  2:11  Supply Depot  
  22  2:19  SCV  
  22  2:20  Barracks Reactor, Barracks  
  22  2:21  Barracks  
  23  2:32  SCV  
  24  2:44  SCV  
  24  2:48  Refinery  
  25  2:54  Orbital Command  
  25  2:56  SCV  
  26  3:00  Marine x2  
  28  3:08  SCV  
  28  3:12  Barracks Tech Lab x2  
  29  3:20  Marine x2  
  29  3:23  SCV  
  29  3:24  SCV  
  33  3:31  Marine x2  
  33  3:32  Combat Shields  
  33  3:33  Stimpack  
  35  3:35  SCV  
  35  3:37  Factory  
  35  3:40  Marine x2  
  35  3:41  SCV  
  39  3:44  Refinery  
  39  3:47  Supply Depot  
  39  3:49  Marine  
  40  4:00  Marine  
  40  4:02  Marine  
  41  4:04  SCV  
  41  4:06  SCV  
  45  4:13  Marauder  
  45  4:14  Marauder  
  45  4:16  SCV  
  49  4:18  SCV, Marine  
  49  4:20  Marine  
  52  4:26  Supply Depot  
  52  4:28  SCV, Starport  
  52  4:29  Factory Reactor  
  53  4:32  SCV  
  54  4:40  Supply Depot  
  54  4:47  Marine x4  
  54  4:48  SCV x2  
  54  4:51  Supply Depot  
  60  5:04  Supply Depot  
  60  5:05  Marine  
  60  5:06  Marauder  
  63  5:14  Supply Depot, SCV  
  63  5:15  Medivac  
  63  5:16  Medivac  
  63  5:17  Supply Depot, Concussive Shells, Marauder  
  63  5:18  Marine  
  71  5:21  SCV  
  71  5:25  Supply Depot  
  72  5:29  Marauder, Marine  
  75  5:38  Widow Mine  
  75  5:40  SCV  
  78  5:43  Marine  
  78  5:44  SCV, Marauder  
  82  5:52  Supply Depot  
  82  5:55  Marine x2  
  84  5:59  Command Center  
  84  6:00  SCV  
  84  6:02  SCV  
  86  6:06  Marine x2  
  86  6:10  Medivac  
  90  6:13  SCV, Factory Tech Lab  
  85  6:37  Marine x2  
  85  6:38  Marauder x2  
  81  6:56  Marine x2  
  81  7:00  Marauder x2  
  85  7:14  Marine x2  
  87  7:21  Marauder x2  
  88  7:29  Barracks  
  88  7:31  Siege Tank  
  88  7:32  Marine x2, Medivac x2  
  88  7:33  Barracks x2  
  97  7:39  Engineering Bay  
  97  7:42  SCV x2, Marauder x2  
  97  7:43  Supply Depot, Engineering Bay  
  103  7:51  Marine  
  103  7:52  Marine  
  103  7:58  Orbital Command  
  103  8:03  Siege Tank, Marine x2  
  103  8:04  Medivac x2  
  103  8:17  Marine x3  
  103  8:19  Marine  
  106  8:20  Marine  
  106  8:21  Marine x2  
  110  8:34  Marine  
  110  8:35  Marine x2  
  110  8:37  Marine x2  
  110  8:39  Marauder, Marine  
  114  8:52  Marine  
  114  8:54  Marine  
  114  8:55  Marine x3  
  116  8:57  Marauder  
  116  9:01  Marauder  
  120  9:13  Marine  
  120  9:14  Marine x4  
  121  9:19  Marauder  
  121  9:22  Marauder  
  113  9:31  Marine x3  
  113  9:32  Marine x2  
  115  9:40  Marauder  
  115  9:42  SCV x2  
  115  9:44  Marauder  
  115  9:45  SCV  
  122  9:49  Marine x5  
  127  9:54  SCV x2  
  127  9:57  SCV  
  130  10:01  Marauder  
  130  10:05  Marauder  
  130  10:06  SCV x2  
  130  10:07  Marine x4  
  136  10:09  SCV  
  141  10:20  SCV x2  
Show
View Real Time Build Order
Export as new Build Order

Haggard Zerg 

Build Orders: Hatch First, Muta Ling Bane 

Get SALT Encoding   

  12  0:02  Drone  
  13  0:09  Drone  
  14  0:16  Drone, Extractor  
  15  0:39  Hatchery  
  14  0:43  Drone, Extractor  
  15  0:57  Spawning Pool  
  14  1:07  Extractor  
  14  1:09  Drone x2, Extractor  
  16  1:14  Overlord  
  16  1:22  Overlord  
  16  1:45  Queen, Zergling x4  
  20  1:51  Queen  
  20  1:52  Drone  
  23  1:54  Drone  
  24  2:01  Drone  
  24  2:08  Drone  
  26  2:13  Drone  
  26  2:15  Drone  
  28  2:23  Queen  
  28  2:24  Drone  
  28  2:25  Drone  
  32  2:35  Overlord  
  32  2:41  Drone  
  33  2:46  Drone  
  33  2:47  Drone  
  35  2:56  Drone  
  36  2:58  Drone  
  36  2:59  Drone x3  
  36  3:05  Overlord  
  40  3:08  Drone x2  
  42  3:17  Extractor  
  42  3:18  Extractor  
  42  3:19  Roach Warren  
  38  3:23  Drone x2  
  38  3:24  Drone x2  
  42  3:31  Overlord  
  42  3:34  Drone x2  
  42  3:35  Drone x2  
  46  3:41  Hatchery  
  46  3:44  Spore Crawler  
  46  3:46  Spore Crawler  
  43  3:51  Drone x2  
  45  4:10  Roach  
  45  4:11  Roach x3  
  45  4:14  Drone x4  
  57  4:22  Overlord  
  57  4:23  Overlord  
  57  4:25  Drone  
  57  4:26  Drone  
  57  4:30  Metabolic Boost  
  59  4:33  Drone  
  60  4:41  Drone x2  
  62  4:51  Drone x4, Spore Crawler  
  62  4:52  Drone  
  66  5:00  Lair  
  66  5:01  Drone x3  
  66  5:02  Drone  
  70  5:08  Extractor  
  70  5:09  Extractor  
  70  5:12  Drone x2  
  70  5:13  Drone  
  71  5:28  Drone x3  
  74  5:30  Drone x2  
  74  5:31  Drone  
  74  5:32  Pneumatized Carapace  
  74  5:33  Drone  
  74  5:34  Evolution Chamber  
  77  5:35  Baneling Nest  
  77  5:36  Evolution Chamber, Overlord x2  
  77  5:37  Overlord x2  
  77  5:39  Zergling x6  
  78  5:46  Zergling x2  
  78  5:47  Zergling x2  
  78  5:48  Zergling x2  
  81  6:00  Overseer  
  81  6:04  Zergling x14  
  83  6:20  Zergling x2  
  83  6:21  Zergling x12  
  83  6:25  Baneling  
  86  6:26  Centrifical Hooks, Baneling x9  
  86  6:29  Zerg Melee Weapons Level 1  
  86  6:30  Zergling x4  
  63  6:54  Zergling x2  
  63  6:55  Zergling x18  
  72  7:02  Spine Crawler  
  72  7:03  Queen  
  72  7:04  Spore Crawler  
  72  7:05  Spine Crawler  
  72  7:06  Zergling x2  
  72  7:07  Zergling x4  
  74  7:13  Spire, Extractor x2  
  65  7:25  Baneling x4  
  65  7:26  Zergling x4  
  65  7:27  Zergling x8  
  71  7:34  Spine Crawler  
  71  7:35  Drone x2  
  72  7:43  Drone  
  72  7:44  Drone x3  
  76  7:52  Spore Crawler  
  76  7:56  Drone  
  76  7:57  Drone x2  
  68  8:13  Spore Crawler  
  68  8:18  Zergling x12  
  73  8:28  Mutalisk  
  73  8:29  Mutalisk x3  
  78  8:41  Zergling x10  
  71  8:45  Baneling  
  71  8:46  Zergling x4  
  74  8:52  Zergling x6  
  72  9:04  Zergling x10  
  72  9:07  Baneling  
  72  9:08  Baneling x2  
  72  9:09  Zergling x10  
  56  9:36  Zergling x8  
  48  9:51  Zergling x4  
  48  9:59  Baneling x4  
  48  10:00  Baneling  
  48  10:01  Zergling x6  
  48  10:06  Mutalisk  
Tags
 
Add a new tag
Caveats
  • Supply blocks, unpowered buildings, or Contaminate may cause inaccurate times.
  • Supply counts are checked every 10 seconds.